 Dungeon Crawl Stone Soup version 0.22-a0-282-gdd34a7d (webtiles) character file.

238 GizzardofKazz the Insei (level 6, -3/43 HPs)
             Began as a Merfolk Transmuter on Mar 17, 2018.
             Slain by a bullfrog (7 damage)
             ... on level 3 of the Dungeon.
             The game lasted 00:07:09 (2406 turns).

GizzardofKazz the Insei (Merfolk Transmuter)        Turns: 2406, Time: 00:07:09

Health: -3/43      AC:  2    Str: 10      XL:     6   Next: 7%
Magic:  4/9        EV: 20    Int: 15      God:
Gold:   135        SH:  0    Dex: 18 (19) Spells: 5/9 levels left

rFire    . . .     SeeInvis .     - Unarmed
rCold    . . .     Gourm    .   (shield currently unavailable)
rNeg     . . .     Faith    .   (armour currently unavailable)
rPois    x         Spirit   .   (helmet currently unavailable)
rElec    .         Reflect  .   (cloak currently unavailable)
rCorr    .         Harm     .   (gloves currently unavailable)
MR       .....                  (boots currently unavailable)
Stlth    ++........             (no amulet)
HPRegen  0.14/turn              (no ring)
MPRegen  0.11/turn              (no ring)

@: lethally poisoned (-3 -> -9), spider-form
A: tiny, (change form in water), (swift swim), (stealthy swim)
a: End Transformation


You were on level 3 of the Dungeon.
You were not hungry.
You were a venomous arachnid creature.
You visited 1 branch of the dungeon, and saw 3 of its levels.

You collected 135 gold pieces.

Inventory:

Missiles
 a - 24 arrows
Armour
 b - a +0 robe (melded)
Jewellery
 t - a +4 ring of protection {unknown}
 u - an uncursed amulet of magic regeneration {unknown}
Scrolls
 c - a scroll of fog {unknown}
 e - a scroll of blinking {unknown}
 g - a scroll of teleportation {unknown}
 h - a scroll of enchant weapon {unknown}
 i - a scroll of enchant armour {unknown}
 j - 2 scrolls of remove curse {unknown}
 l - 2 scrolls of immolation {unknown}
 o - 2 scrolls of amnesia {unknown}
 r - a scroll of magic mapping {unknown}
Potions
 f - a potion of invisibility {unknown}
 k - a potion of degeneration {unknown}
 n - a potion of lignification {unknown}
 p - a potion of agility {unknown}
 q - a potion of haste {unknown}
 s - a potion of resistance {unknown}
Comestibles
 d - 7 rations


   Skills:
 - Level 1.1 Fighting
 - Level 2.6 Dodging
 - Level 5.3 Unarmed Combat
 - Level 2.0 Spellcasting
 + Level 4.8 Transmutations
 + Level 3.1 Poison Magic


You had 5 spell levels left.
You knew the following spells:

 Your Spells              Type           Power        Failure   Level  Hunger
a - Beastly Appendage     Tmut           ###...       11%         1    #......
b - Spider Form           Tmut/Pois      ##........   30%         3    ###....


Dungeon Overview and Level Annotations

Branches:
Dungeon (3/15)

Altars:
Kikubaaqudgha
Trog

Annotations:
D:3 1 transporter


Message History

The quasit completely misses you. x2
The quasit claws you but does no damage.
The bullfrog hits you. The hound bites you. The quasit misses you. x2
The quasit closely misses you.
You completely miss the quasit.
You feel sick. The bullfrog completely misses you. The hound bites you.
* * * LOW HITPOINT WARNING * * *
The quasit bites you.
* * * LOW HITPOINT WARNING * * *
You feel clumsy. The quasit completely misses you. x2
You closely miss the quasit.
You feel sick. The bullfrog closely misses you.
The hound completely misses you. The quasit misses you. x2
The quasit closely misses you. The bullfrog closely misses you.
The hound bites you.
* * * LOW HITPOINT WARNING * * *
You hit the quasit but do no damage.
* * * LOW HITPOINT WARNING * * *
You feel sick. The bullfrog hits you!
You die...

#####.# #.....
......#####.##########
#####................##
#.###..#########..# #.#
#.##.......##.# #.#
#.#8......?8#.#
#.###.#$[.......#.##
#.....#_(.....†.#..##
#.#..©#.$...s5h.#©..##.#
#.##..#_%....F..#......#
##.#$?.......#..#####
.######.#8$$.....8#.##
$.......##...©...##.#
#######..#########..#
##.).........##
#..........#####
#########.##


You could see a bullfrog, a hound and a quasit.

Vanquished Creatures
  Sigmund (D:3)
  3 adders
  A worm (D:2)
  A dart slug (D:1)
  A leopard gecko (D:1)
  A ball python (D:2)
  2 bats
  4 giant cockroaches
  6 goblins
  10 hobgoblins
  5 kobolds
  3 frilled lizards
  3 rats
41 creatures vanquished.

Notes
Turn   | Place    | Note
-------+----------+-------------------------------------------
     0 | D:1      | GizzardofKazz the Merfolk Transmuter began the quest for the Orb.
     0 | D:1      | Reached XP level 1. HP: 15/15 MP: 3/3
   218 | D:1      | Reached XP level 2. HP: 17/21 MP: 3/5
   270 | D:1      | Reached skill level 4 in Unarmed Combat
  1123 | D:1      | Reached XP level 3. HP: 26/26 MP: 6/6
  1128 | D:1      | Learned a level 3 spell: Spider Form
  1624 | D:2      | Reached skill level 5 in Unarmed Combat
  1747 | D:2      | Reached XP level 4. HP: 23/32 MP: 7/7
  2361 | D:3      | Found a bloodstained altar of Trog.
  2361 | D:3      | Found an ancient bone altar of Kikubaaqudgha.
  2363 | D:3      | Noticed a bullfrog
  2364 | D:3      | Found a transporter.
  2367 | D:3      | Noticed Sigmund
  2377 | D:3      | Killed Sigmund
  2377 | D:3      | Reached XP level 5. HP: 37/37 MP: 4/8
  2377 | D:3      | Reached XP level 6. HP: 43/43 MP: 4/9
  2381 | D:3      | Found a transporter.
  2406 | D:3      | Slain by a bullfrog

Vault maps used:
D:1:      grunt_arrival_crossed_arrows
D:2:      first_ration
D:3:      gammafunk_temple_overflow_arena, uniq_sigmund

Skill      XL: |  1  2  3  4 |
---------------+-------------+-----
Unarmed Combat | 4 5 |  5.3
Transmutations | 4 |  4.8
Poison Magic   | 3 |  3.1
Fighting       | |  1.1
Dodging        | |  2.6
Spellcasting   | |  2.0

Action                   |  1- 3 |  4- 6 || total
-------------------------+-------+-------++-------
Melee: Unarmed           |    95 |    30 ||   125
       Headbutt          |    13 |     2 ||    15
 Cast: Beastly Appendage |    15 |     5 ||    20
       Spider Form       |       |     2 ||     2
 Stab: Sleeping          |     1 |       ||     1
  Eat: Chunk             |     3 |     2 ||     5
Armor: Robe              |    10 |     4 ||    14
       Skin              |       |     2 ||     2
Dodge: Dodged            |    47 |    41 ||    88

Table legend:
 A = Spawn XP
 B = Non-spawn XP
 C = Spawn XP percentage of total XP
 D = Spawn monster count
 E = Non-spawn monster count
 F = Spawn count percentage of total count
 G = Total turns spent on level
                    A         B        C        D         E        F      G
               +---------+---------+-------+---------+---------+-------+---------
         Total |       0 |     341 |   0.0 |       0 |      41 |   0.0 |  2406
               +---------+---------+-------+---------+---------+-------+---------
           D:1 |       0 |      37 |   0.0 |       0 |      20 |   0.0 |  1578
           D:2 |       0 |      56 |   0.0 |       0 |      17 |   0.0 |   756
           D:3 |       0 |     248 |   0.0 |       0 |       4 |   0.0 |    72
               +---------+---------+-------+---------+---------+-------+---------
